 Dungeon Crawl Stone Soup version 0.30-a0-702-gdf48620a09 (webtiles) character file.

Game seed: 2400597372333522614

40 Bnni the Vexing (level 3, -10/26 HPs)
             Began as a Formicid Hexslinger on Jan 21, 2023.
             Killed by divine providence
             ... invoked by an orc priest
              (12 damage)
             ... on level 2 of the Dungeon.
             The game lasted 00:01:03 (759 turns).

Bnni the Vexing (Formicid Hexslinger)                Turns: 759, Time: 00:01:04

Health: -10/26     AC:  3    Str: 14    XL:     3   Next: 72%
Magic:  2/5        EV: 12    Int: 14    God:
Gold:   136        SH:  0    Dex: 14    Spells: 0/4 levels left

rFire   . . .      SeeInvis +    a - +1 sling
rCold   . . .      Faith    .    (no shield)
rNeg    . . .      Spirit   .    c - +0 robe
rPois   .          Reflect  .    (helmet unavailable)
rElec   .          Harm     .    (no cloak)
rCorr   .          Rampage  .    h - +0 pair of gloves
Will    .....                    (no boots)
Stlth   +                        (no amulet)
HPRegen 0.24/turn                (no ring)
MPRegen 0.09/turn                (no ring)

@: no status effects
A: permanent stasis, dig shafts and tunnels, antennae 3, four strong arms
a: Dig, Shaft Self


You were on level 2 of the Dungeon.
You visited 1 branch of the dungeon, and saw 2 of its levels.

You collected 136 gold pieces.

Inventory:

Hand Weapons
 a - a +1 sling (weapon)
Armour
 c - a +0 robe (worn)
 h - a +0 pair of gloves (worn)
Scrolls
 b - a scroll of poison
 e - a scroll of identify {unknown}
 k - a scroll of torment {unknown}
Potions
 d - a potion of brilliance {unknown}
 f - a potion of curing {unknown}
 g - a potion of attraction {unknown}
 i - a potion of lignification {unknown}
 j - a potion of magic {unknown}


   Skills:
 + Level 1.5 Fighting
 * Level 2.5 Ranged Weapons
 - Level 1.7 Dodging
 + Level 1.3 Spellcasting
 * Level 4.1 Hexes
 * Level 1.4 Fire Magic


You couldn't memorise any spells.
You knew the following spells:

 Your Spells              Type           Power      Damage    Failure   Level
a - Slow                  Hex            48%        N/A       4%          1
b - Inner Flame           Hex/Fire       8%         N/A       24%         3

Your spell library contained the following spells:

 Spells                   Type           Power      Damage    Failure   Level
 Portal Projectile        Hex/Tloc       12%        N/A       32%         3
 Cause Fear               Hex            6%         N/A       43%         4


Dungeon Overview and Level Annotations

Branches:
Dungeon (2/15)

Altars:


Innate Abilities, Weirdness & Mutations

You cannot be hasted, slowed, berserked, paralysed or teleported.
You can dig through walls and to a lower floor.
You have a pair of large antennae on your head. (SInv)
Your four strong arms can wield two-handed weapons with a shield.


Message History

The sling bullet hits the orc priest but does no damage.
The orc priest begins to cast a cantrip, but forgets the words!
The orc priest hits you with a +0 mace!
You are too injured to fight recklessly!
Cast which spell? (? or * to list)
Aiming: Slow (safe; 4% risk of failure)
Press: ? - help, Shift-Dir - straight line, f/p - orc priest
Aim: an orc priest, wielding a +0 mace and wearing a +0 leather armour (chance to affect: 46%)
The orc priest resists with some effort.
The orc priest hits you with a +0 mace.
You shoot a sling bullet.
The sling bullet closely misses the orc priest.
The orc wizard mumbles some strange words.
The orc wizard flickers and vanishes for a moment.
The orc priest hits you with a +0 mace.
* * * LOW HITPOINT WARNING * * *
Casting: Slow (safe; 4% risk of failure)
Confirm with . or Enter, or press ? or * to list all spells.
Aiming: Slow (safe; 4% risk of failure)
Press: ? - help, Shift-Dir - straight line, f/p - orc priest
Aim: an orc priest, wielding a +0 mace and wearing a +0 leather armour (chance to affect: 46%)
The orc priest resists with some effort.
The orc priest hits you with a +0 mace.
* * * LOW HITPOINT WARNING * * *
You shoot a sling bullet. The sling bullet hits the orc priest.
The orc priest is lightly wounded.
The orc priest closely misses you.
You shoot a sling bullet.
The sling bullet closely misses the orc priest.
The orc priest hits you with a +0 mace.
* * * LOW HITPOINT WARNING * * *
Casting: Slow (safe; 4% risk of failure)
Confirm with . or Enter, or press ? or * to list all spells.
Aiming: Slow (safe; 4% risk of failure)
Press: ? - help, Shift-Dir - straight line, f/p - orc priest
Aim: an orc priest, wielding a +0 mace and wearing a +0 leather armour (lightly wounded, chance to affect: 46%)
The orc priest resists with some effort.
The orc priest mumbles some strange prayers to Beogh against you.
Beogh smites you!
You die...

##.. ## ..#.## # ) o
..##.#..## .# o.
##....##.. ##. # .#
#..##. ..## ..# .#..
.#.##..#.##. #.##..# #
##....##....##.oo.# .#
.[#.##..#.##..#o## ..#
..##.#..##.#..##@#...#
##....##....##....#
#..##.#..##.#..##[#
.#.##..#.##).#.# ..#
##....##....##(...##
.#.##..#.##..#.##.
.##.#..##. .. #. . ##
. ## . ##. ..## #. #.
.##.#


You could see an orc priest and an orc.

Vanquished Creatures
  3 dart slugs (D:1)
  An orc (D:2)
  3 giant cockroaches (D:1)
  3 goblins
  A hobgoblin (D:1)
  2 kobolds (D:1)
  3 quokkas
  8 ball pythons (D:1)
  4 bats (D:1)
  A frilled lizard (D:1)
  4 rats
33 creatures vanquished.

Notes
Turn   | Place    | Note
-------+----------+-------------------------------------------
     0 | D:1      | Bnni the Formicid Hexslinger began the quest for the Orb.
     0 | D:1      | Reached XP level 1. HP: 15/15 MP: 2/2
   164 | D:1      | Reached XP level 2. HP: 15/21 MP: 3/3
   307 | D:1      | Reached skill level 1 in Fire Magic
   331 | D:1      | Reached skill level 4 in Hexes
   331 | D:1      | Reached XP level 3. HP: 19/26 MP: 4/4
   340 | D:1      | Learned a level 3 spell: Inner Flame
   759 | D:2      | Killed from afar by an orc priest

Illustrated notes

Levels and vault maps discovered:
D:1:      dpeg_arrival_round_b, layout_loops_ring, minmay_pentomino_r4
D:2:      layout_basic, nicolae_eternal_life

Skill      XL: |  1  2 |
---------------+-------+-----
Fire Magic     | 1 |  1.4
Hexes          | 4 |  4.1
Fighting       | |  1.5
Ranged Weapons | |  2.5
Dodging        | |  1.7
Spellcasting   | |  1.3

Action                   || total
-------------------------++-------
 Fire: Sling             ||    91
 Cast: Slow              ||     3
Armor: Robe              ||    12
Dodge: Dodged            ||    23

Table legend: (Time is in decaauts)
 A = Elapsed time spent in this place.
 B = Non-inter-level travel time spent in this place.
 C = Inter-level travel time spent in this place.
 D = Time resting spent in this place.
 E = Time spent auto-exploring this place.
 F = Levels seen in this place.
 G = Mean time per level.
                   A        B        C        D        E       F      G
               +--------+--------+--------+--------+--------+-----+--------+
         Total |    784 |    759 |     25 |      4 |    560 |   2 |  392.0 |
       Dungeon |    784 |    759 |     25 |      4 |    560 |   2 |  392.0 |
               +--------+--------+--------+--------+--------+-----+--------+

Top non-repeatable levels by time:
     D:1: 694 daAuts
     D:2: 90 daAuts
